 Dungeon Crawl Stone Soup version 0.30-a0-310-g7d6cbdfea6 (webtiles) character file.

Game seed: 1545964528212373049

18478 billz999 the Covert (level 12, 0/82 HPs)
             Began as an Octopode Earth Elementalist on Oct 24, 2022.
             Was a Follower of Yredelemnul.
             Slain by a polar bear (2 damage)
             ... in an ice cave.
             The game lasted 00:41:59 (15944 turns).

billz999 the Covert (Octopode Earth Elementalist)  Turns: 15944, Time: 00:42:00

Health: 0/82       AC:  3    Str: 14    XL:     12   Next: 58%
Magic:  29/33      EV: 16    Int: 22    God:    Yredelemnul [*.....]
Gold:   470        SH:  6    Dex: 12    Spells: 19/27 levels left

rFire   x . .      SeeInvis +    K - +5 dagger
rCold   + + .      Faith    .    o - +1 buckler
rNeg    . . .      Spirit   .    w - +2 hat {Stlth+}
rPois   .          Reflect  .    (no amulet)
rElec   .          Harm     .    z - ring of see invisible
rCorr   .          Rampage  .    a - ring of protection from fire
Will    .....                    I - +6 ring of strength
Stlth   +++++++...               L - ring of magical power
HPRegen 0.33/turn                (no ring)
MPRegen 0.23/turn                U - +4 ring of evasion
                                 h - ring of ice
                                 O - ring of ice

@: no status effects
A: almost no armour, amphibious, 8 rings, camouflage 1, gelatinous body 1,
(nimble swimmer 1), tentacles
a: Renounce Religion, Recall Undead Harvest


You were in an ice cave.
You worshipped Yredelemnul.
Yredelemnul was noncommittal.
You visited 3 branches of the dungeon, and saw 14 of its levels.
You also visited: Bailey and Ice Cave.

You collected 1100 gold pieces.
You spent 630 gold pieces at shops.

Inventory:

Hand Weapons
 c - a +0 dagger of speed
 f - a +2 whip of draining
 r - a +2 quarterstaff of chaos
 K - a +5 dagger (weapon)
Armour
 o - a +1 buckler (worn)
 s - a +0 cloak
 w - a +2 hat of stealth (worn)
Magical Staves
 M - a staff of earth
 S - a staff of death
Jewellery
 a - a ring of protection from fire (right tentacle)
 d - an amulet of guardian spirit
 h - a ring of ice (on tentacle)
 i - an amulet of faith
 x - a ring of fire
 z - a ring of see invisible (left tentacle)
 I - a +6 ring of strength (on tentacle)
 L - a ring of magical power (on tentacle)
 O - a ring of ice (on tentacle)
 U - a +4 ring of evasion (on tentacle)
Wands
 C - a wand of flame (33)
 F - a wand of polymorph (20)
 H - a wand of digging (6)
 J - a wand of iceblast (11)
 V - a wand of charming (2)
Scrolls
 b - 3 scrolls of teleportation
 e - 4 scrolls of poison
 l - 2 scrolls of blinking
 m - 2 scrolls of enchant armour
 p - a scroll of magic mapping
 q - a scroll of amnesia
 y - a scroll of vulnerability
 N - 6 scrolls of identify
 Q - 2 scrolls of butterflies
 T - a scroll of summoning
Potions
 g - a potion of resistance
 j - 2 potions of ambrosia
 k - 5 potions of might
 n - a potion of invisibility
 t - 3 potions of magic
 u - 10 potions of flight
 v - a potion of cancellation {unknown}
 A - 2 potions of haste {unknown}
 B - a potion of degeneration {unknown}
 D - 2 potions of attraction {unknown}
 E - 5 potions of brilliance
 G - 5 potions of curing
 P - 3 potions of lignification {unknown}
 R - a potion of experience {unknown}
 W - a potion of mutation {unknown}


   Skills:
 * Level 7.7 Fighting
 + Level 5.2 Short Blades
 - Level 2.0 Dodging
 + Level 11.7 Stealth
 - Level 4.0 Shields
 - Level 8.4 Spellcasting
 - Level 10.0 Transmutations
 - Level 9.3 Earth Magic


You had 19 spell levels left.
You knew the following spells:

 Your Spells              Type           Power      Damage    Failure   Level
a - Sandblast             Erth           100%       2d20      1%          1
b - Petrify               Tmut/Erth      51%        N/A       1%          4
c - Stone Arrow           Conj/Erth      58%        3d10      4%          3

Your spell library contained the following spells:

 Spells                   Type           Power      Damage    Failure   Level
 Beastly Appendage        Tmut           100%       N/A       1%          1
 Passwall                 Tmut/Erth      42%        N/A       1%          2
 Wereblood                Tmut           52%        N/A       1%          2
 Spider Form              Tmut/Pois      31%        N/A       3%          3
 Blade Hands              Tmut           26%        N/A       4%          5
 Ignite Poison            Fire/Tmut/Pois 23%        N/A       7%          3
 Apportation              Tloc           18%        N/A       9%          1
 Necrotise                Necr           36%        1d5       9%          1
 Summon Small Mammal      Summ           36%        N/A       9%          1
 Ice Form                 Ice/Tmut       63%        N/A       12%         4
 Leda's Liquefaction      Hex/Erth       14%        N/A       13%         4
 Ensorcelled Hibernation  Hex/Ice        40%        N/A       14%         2
 Call Canine Familiar     Summ           9%         N/A       26%         3
 Frozen Ramparts          Ice            40%        1d7       26%         3
 Gell's Gravitas          Tloc           9%         N/A       26%         3
 Lesser Beckoning         Tloc           18%        N/A       26%         3
 Portal Projectile        Hex/Tloc       18%        N/A       26%         3
 Summon Guardian Golem    Hex/Summ       9%         N/A       26%         3
 Teleport Other           Tloc           9%         N/A       26%         3
 Vhi's Electric Charge    Tloc/Air       18%        N/A       26%         3
 Alistair's Intoxication  Tmut/Pois      20%        N/A       32%         5
 Anguish                  Hex/Necr       4%         N/A       65%         4
 Iskenderun's Mystic Bla  Conj/Tloc      9%         2d4       65%         4
 Sticky Flame             Conj/Fire      9%         2d3       65%         4
 Summon Ice Beast         Ice/Summ       20%        N/A       65%         4
 Iron Shot                Conj/Erth      14%        9d4       90%         6
 Malign Gateway           Summ/Tloc      4%         N/A       100%        7
 Borgnjor's Revivificati  Necr           4%         N/A       100%        8
 Ignition                 Fire           4%         3d4       100%        8
 Necromutation            Tmut/Necr      15%        N/A       100%        8
 Death's Door             Necr           4%         N/A       100%        9
 Animate Armour           Summ/Erth      Unusable   N/A       N/A         4

Dungeon Overview and Level Annotations

Branches:
Dungeon (12/15)            Temple (1/1) D:4            Lair (1/5) D:11
    Orc (0/2) D:11         Bailey (visited)           IceCv (1/1)

Altars:
Ashenzari
Cheibriados
Dithmenos
Elyvilon
Fedhas
Gozag
Hepliaklqana
Kikubaaqudgha
Makhleb
Nemelex Xobeh
Okawaru
Qazlal
Ru
Sif Muna
Trog
Uskayaw
Vehumet
Wu Jian
Xom
Yredelemnul
Zin
The Shining One

Shops:
D:4 !   D:7 =   D:9 *   D:10 *

Annotations:
D:4 Pikel


Innate Abilities, Weirdness & Mutations

You cannot wear most types of armour.
You are amphibious.
You can wear up to eight rings at the same time.
Your skin changes colour to match your surroundings (Stealth+).
Your rubbery body absorbs attacks. (AC +1, EV +1)
((You are camouflaged when in or above water. (Stealth+)))
You have tentacles for arms and can constrict up to eight enemies at once.


Message History

Your polar bear zombie bites the polar bear but does no damage.
Your polar bear zombie claws the polar bear but does no damage. x2
The polar bear bites your polar bear zombie.
The polar bear claws your polar bear zombie but does no damage.
The polar bear claws your polar bear zombie.
You block the wolf's attack.
Casting: Sandblast (safe; 1% risk of failure)
Confirm with . or Enter, or press ? or * to list all spells.
Aiming: Sandblast (safe; 1% risk of failure)
Press: ? - help, Shift-Dir - straight line, f/p - wolf
Aim: a wolf (heavily wounded, 76% to hit)
The blast of sand hits the wolf!
You kill the wolf!
The polar bear bites your polar bear zombie!
The polar bear claws your polar bear zombie. x2
Your polar bear zombie bites the polar bear.
Your polar bear zombie claws the polar bear but does no damage. x2
A wolf comes into view.
Casting: Sandblast (safe; 1% risk of failure)
Confirm with . or Enter, or press ? or * to list all spells.
Aiming: Sandblast (safe; 1% risk of failure)
Press: ? - help, Shift-Dir - straight line, f - polar bear
Aim: a polar bear (89% to hit)
The blast of sand hits the polar bear but does no damage.
You hear a bellow!
The wolf bites your polar bear zombie but does no damage.
The polar bear bites you!
* * * LOW HITPOINT WARNING * * *
The polar bear claws you.
* * * LOW HITPOINT WARNING * * *
The polar bear barely misses you.
The polar bear bites your polar bear zombie.
The polar bear claws your polar bear zombie. x2
The wolf bites your polar bear zombie but does no damage.
Your polar bear zombie bites the wolf!
Your polar bear zombie claws the wolf. x2
The polar bear bites you.
* * * LOW HITPOINT WARNING * * *
The polar bear claws you.
You die...
Your body rises from the dead as a mindless zombie. #.######## ### #..##.##[## ##... ##.....##.# ...##. ##......#. ..##.# ####..#.. ###..##...### ##.##. ##.##.# #..#.# ####. ##.h.#.# #..Z## #.# #Y...#@### #ZZZ#

##.#
#.#Yhh#..#####.##
##..# hh.##hZ#.#.##
##.###.Z## #..#
##...#..##
#Z.##..## ##Y
##......###Z..###.#
##
##..##..##.#....##
###
#..##...#.###..##
##.####
##.##......# ##.#
#..Z#.##
#.Z##(..#...# ..#


You could see 2 polar bears, a yak, a wolf (distracted, ally target) and a
friendly polar bear zombie.

Vanquished Creatures
  A centaur warrior (D:8)
  2 two-headed ogres
  A boulder beetle (D:11)
  Urug (Lair:1)
  Nergalle (Lair:1)
  A cyclops (D:8)
  2 ugly things
  A komodo dragon (Lair:1)
  Psyche (D:10)
  2 rime drakes (Lair:1)
  2 polar bears (IceCv)
  4 trolls
  A hornet (D:10)
  A slime creature (D:8)
  Grinder (D:4)
  Sigmund (D:7)
  2 wraiths
  2 shadows
  7 humans (D:7)
  15 yaks
  2 steam dragons
  Eustachio (D:4)
  2 vampire mosquitoes (D:10)
  2 water moccasins
  5 orc warriors (Bailey)
  A sky beast (D:7)
  2 ice beasts (D:7)
  9 wolves
  8 centaurs
  A lemure (D:4)
  2 phantoms
  4 kobold brigands
  A gnoll sergeant (D:8)
  A necrophage (D:6)
  2 scorpions (D:4)
  8 wights
  3 killer bees (D:9)
  A howler monkey (D:6)
  3 lava snakes (D:12)
  2 jellies
  A gnoll bouda (D:8)
  3 orc priests
  3 hounds
  Crazy Yiuf (D:2)
  3 iguanas
  18 orc wizards
  6 gnolls (D:8)
  6 adders
  A white imp (D:8)
  2 worms (D:2)
  5 dart slugs
  28 orcs
  4 ball pythons
  3 bats (D:1)
  6 endoplasms
  A giant cockroach (D:1)
  9 goblins
  8 hobgoblins
  4 jackals (D:7)
  31 kobolds
  3 quokkas
  6 frilled lizards
  6 rats
267 creatures vanquished.

Vanquished Creatures (collateral kills)
  2 cane toads (Lair:1)
  An ice statue (IceCv)
  2 yaks
  A vampire mosquito (D:10)
  4 wolves
  A bullfrog (Lair:1)
  2 iguanas (D:5)
  An orc wizard (D:9)
  A howler monkey zombie (D:6)
  2 gnolls (D:8)
  An orc (D:11)
  A hobgoblin (Bailey)
  A kobold (D:9)
20 creatures vanquished.

Vanquished Creatures (others)
  A two-headed ogre zombie (D:6)
  A water moccasin zombie (Lair:1)
  A polar bear zombie (IceCv)
  6 yak zombies
  5 wolf zombies
  2 centaur zombies (D:11)
  4 human zombies
  2 killer bee zombies (D:9)
  A steam dragon zombie (D:7)
  An adder zombie (D:5)
  2 iguana zombies (D:6)
  4 gnoll zombies (D:8)
  3 goblin zombies (Bailey)
  A jackal zombie (D:7)
  15 kobold zombies
  8 orc zombies
  A fungus (Lair:1)
58 creatures vanquished.

Grand Total: 345 creatures vanquished

Notes
Turn   | Place    | Note
-------+----------+-------------------------------------------
     0 | D:1      | billz999 the Octopode Earth Elementalist began the quest
                  | for the Orb.
     0 | D:1      | Reached XP level 1. HP: 11/11 MP: 3/3
    22 | D:1      | Reached skill level 3 in Stealth
   111 | D:1      | Reached XP level 2. HP: 17/17 MP: 1/5
   571 | D:1      | Reached XP level 3. HP: 17/21 MP: 2/6
   914 | D:2      | Reached skill level 4 in Stealth
  1425 | D:2      | Found a runed translucent door.
  1426 | D:2      | Noticed Crazy Yiuf
  1508 | D:2      | Reached XP level 4. HP: 24/27 MP: 4/7
  1719 | D:2      | Killed Crazy Yiuf
  1720 | D:2      | Reached skill level 5 in Stealth
  2068 | D:3      | Noticed a phantom
  2083 | D:3      | Killed a phantom
  2084 | D:3      | Reached XP level 5. HP: 30/31 MP: 2/8
  2601 | D:3      | Reached skill level 6 in Stealth
  2855 | D:4      | Noticed Eustachio
  2861 | D:4      | Killed Eustachio
  2862 | D:4      | Reached skill level 7 in Stealth
  2862 | D:4      | Reached XP level 6. HP: 7/36 MP: 5/9
  3199 | D:4      | Found a staircase to the Ecumenical Temple.
  3342 | D:4      | Reached skill level 8 in Stealth
  3342 | D:4      | Reached XP level 7. HP: 41/41 MP: 6/10
  3445 | D:4      | Found Pyulipt's Distillery.
  3462 | D:4      | Bought a potion of heal wounds for 70 gold pieces
  3462 | D:4      | Found a broken altar of Ashenzari.
  3510 | D:4      | Noticed Pikel
  3811 | D:4      | Learned a level 4 spell: Petrify
  3871 | D:4      | Reached skill level 5 in Transmutations
  3943 | D:4      | Noticed Grinder
  3956 | Temple   | Entered the Ecumenical Temple
  4145 | Temple   | Became a worshipper of Yredelemnul the Dark
  4236 | D:4      | Killed Grinder
  4391 | D:4      | Reached XP level 8. HP: 46/46 MP: 7/12
  4582 | D:4      | Reached * piety under Yredelemnul
  4680 | D:5      | Entered Level 5 of the Dungeon
  5356 | D:5      | Reached ** piety under Yredelemnul
  5960 | D:6      | Noticed a two-headed ogre
  6027 | D:6      | Killed a two-headed ogre
  6028 | D:6      | Reached skill level 5 in Earth Magic
  6028 | D:6      | Reached XP level 9. HP: 51/51 MP: 1/16
  6313 | D:6      | Reached skill level 5 in Spellcasting
  6852 | D:7      | Found a snail-covered altar of Cheibriados.
  7922 | D:7      | Found an opulent altar of Gozag.
  8006 | D:7      | Found a sacrificial altar of Ru.
  8121 | D:7      | Noticed Sigmund
  8158 | D:7      | Reached XP level 10. HP: 45/56 MP: 1/19
  8272 | D:7      | Killed Sigmund
  8607 | D:7      | Your ally Sigmund died
  8696 | D:7      | Found Pynuprer's Jewellery Shop.
  9385 | D:8      | Noticed a green ugly thing
  9508 | D:8      | Noticed a cyclops
  9517 | D:8      | Noticed a centaur warrior
  9529 | D:8      | Killed a green ugly thing
  9569 | D:8      | Learned a level 3 spell: Stone Arrow
  9798 | D:8      | Found a shadowy altar of Dithmenos.
 10208 | D:8      | Noticed a two-headed ogre
 10221 | D:8      | Killed a two-headed ogre
 10222 | D:8      | Reached XP level 11. HP: 61/61 MP: 19/23
 10409 | D:8      | Killed a centaur warrior
 10410 | D:8      | Reached skill level 10 in Transmutations
 10414 | D:8      | Reached *** piety under Yredelemnul
 10661 | D:8      | Identified the +4 morningstar of Distraction {antimagic,
                  | Fragile Will++ Str+2 Int+2}
 10692 | D:8      | Killed a cyclops
 10693 | D:8      | Reached skill level 1 in Fighting
 10693 | D:8      | Reached skill level 9 in Stealth
 10746 | D:8      | Found a white marble altar of Elyvilon.
 10746 | D:8      | Found a hazy altar of Hepliaklqana.
 10746 | D:8      | Found a bloodstained altar of Trog.
 10746 | D:8      | Found a hide-covered altar of Uskayaw.
 11199 | D:9      | Reached skill level 1 in Short Blades
 11649 | D:9      | Found Bosch's General Store.
 11669 | D:9      | Found an ornate altar of the Wu Jian Council.
 11724 | D:10     | Entered Level 10 of the Dungeon
 11810 | D:10     | Noticed Psyche
 11820 | D:10     | Killed Psyche
 11821 | D:10     | Reached skill level 1 in Shields
 11888 | D:10     | Found Lutter's Overcharged Wands.
 11976 | D:10     | Your ally Psyche died
 12037 | D:10     | Found a flagged portal.
 12047 | Bailey   | Entered a bailey
 13551 | D:11     | Noticed a boulder beetle
 13569 | D:11     | Killed a boulder beetle
 13570 | D:11     | Reached skill level 10 in Stealth
 13631 | D:11     | Found a staircase to the Lair.
 13867 | D:11     | Found a staircase to the Orcish Mines.
 14648 | Lair:1   | Entered Level 1 of the Lair of Beasts
 14648 | Lair:1   | Noticed Urug
 14651 | Lair:1   | Noticed Nergalle
 14659 | Lair:1   | Killed Urug
 14660 | Lair:1   | Reached skill level 5 in Fighting
 14663 | Lair:1   | Killed Nergalle
 14664 | Lair:1   | Reached XP level 12. HP: 77/77 MP: 23/24
 14725 | Lair:1   | Identified the +1 cloak "Xiluefut" {+Blink rPois rCorr}
 14781 | Lair:1   | Got the Folio of the Immovable Loafs
 14799 | Lair:1   | Your ally Urug died
 15045 | Lair:1   | Reached skill level 11 in Stealth
 15212 | D:7      | Bought an amulet of faith for 560 gold pieces
 15276 | Lair:1   | Found a frozen archway.
 15296 | IceCv    | Entered an ice cave
 15745 | IceCv    | Reached skill level 5 in Short Blades
 15856 | IceCv    | Noticed an ironbound frostheart
 15857 | IceCv    | Noticed an ironbound frostheart
 15944 | IceCv    | HP: 4/82 [polar bear (4)]
 15944 | IceCv    | Slain by a polar bear

Illustrated notes

Levels and vault maps discovered:
D:1:      minmay_arrival_up_and_down, layout_loops_ring
D:2:      layout_loops_cross, uniq_crazy_yiuf_cottage
D:3:      layout_basic, grunt_ministairs_12
D:4:      layout_loops_ring, ashenzari_altar_1, minmay_temple_entry_large_hall,
          serial_shops, nicolae_shop_temple_entry_statues_fountains,
          minmay_misc_feat_room, grunt_ministairs_9, uniq_grinder, uniq_pikel,
          uniq_eustachio
D:5:      layout_gridville
D:6:      layout_cave_pods, serial_column_ruins, column_ruins_hut_ruined,
          column_ruins_square_medium, column_ruins_open_small,
          column_ruins_grid_2, column_ruins_open_large, column_ruins_open_small
D:7:      erik_cavepeople, layout_basic, cheibriados_altar_1,
          nicolae_ru_awakened_eye,
          nicolae_gozag_cash_rules_everything_around_me,
          minmay_shop_grid_forest, corexii_hall_statues_s,
          kennysheep_generic_room_14
D:8:      layout_loops_cross, nicolae_dithmenos_the_darkroom,
          grunt_temple_overflow_cloverleaf, minmay_diamond_spiral
D:9:      layout_rooms, mainiacjoe_overflow_surrounded_room, serial_shops,
          nicolae_shop_waterfront, kennysheep_crisscross
D:10:     layout_grid_maze, enter_bailey_2, minmay_hedge_maze,
          chequers_serial_rivers_micro_a, nicolae_shop_overcharged_wands,
          uniq_psyche
D:11:     layout_cave_pods, lair_entry_dummy, orc_0_dummy
D:12:     cheibrodos_magma_flow, layout_cave_pools, uniq_erolcha, uniq_josephine
Temple:   hellmonk_temple_forest_ring
Lair:1:   layout_cave_shapes, portal_ice_cave_rime, uniq_nergalle,
          uniq_gastronok, uniq_urug
IceCv:    ice_cave_caverns_03

Skill      XL: |  1  2  3  4  5  6  7  8  9 10 11 12 |
---------------+-------------------------------------+-----
Stealth        | 3 4 5 7 8 10 11 | 11.7
Transmutations | 2 3 4 5 7 8 9 10 | 10.0
Spellcasting   | 4 6 8 |  8.4
Earth Magic    | 5 7 9 |  9.3
Fighting       | 5 7 |  7.7
Short Blades   | 3 5 |  5.2
Shields        | 4 |  4.0
Dodging        | |  2.0

Action                   |  1- 3 |  4- 6 |  7- 9 | 10-12 || total
-------------------------+-------+-------+-------+-------++-------
Melee: Unarmed           |    20 |     2 |       |       ||    22
       Constrict         |    10 |     3 |    26 |    29 ||    68
       Tentacles         |     8 |     5 |    31 |    68 ||   112
       Whip              |    13 |       |       |       ||    13
       Quarterstaff      |       |     8 |       |       ||     8
       Dagger            |       |    20 |   120 |   224 ||   364
       Punch             |       |       |     3 |     6 ||     9
 Cast: Sandblast         |    38 |    37 |    52 |   107 ||   234
       Petrify           |       |       |    34 |    84 ||   118
       Stone Arrow       |       |       |       |     3 ||     3
Evoke: Wand              |       |       |     2 |     1 ||     3
  Use: Potion            |       |     1 |     2 |     1 ||     4
       Scroll            |       |       |    10 |     8 ||    18
 Stab: Sleeping          |     9 |     8 |    14 |    18 ||    49
       Petrified         |       |       |    39 |    96 ||   135
       Petrifying        |       |       |     2 |    20 ||    22
       Distracted        |       |       |       |     1 ||     1
Armor: Skin              |     4 |     2 |     6 |    29 ||    41
Dodge: Dodged            |    26 |    17 |    53 |   156 ||   252
Block: Buckler           |       |       |       |    17 ||    17

Table legend: (Time is in decaauts)
 A = Elapsed time spent in this place.
 B = Non-inter-level travel time spent in this place.
 C = Inter-level travel time spent in this place.
 D = Time resting spent in this place.
 E = Time spent auto-exploring this place.
 F = Levels seen in this place.
 G = Mean time per level.
                   A        B        C        D        E       F      G
               +--------+--------+--------+--------+--------+-----+--------+
         Total |  15972 |  14902 |   1070 |   2052 |  10451 |  16 |  998.2 |
       Dungeon |  14150 |  13197 |    953 |   1863 |   9440 |  12 | 1179.2 |
        Temple |    226 |    142 |     84 |      0 |    131 |   1 |  226.0 |
          Lair |    547 |    514 |     33 |      0 |    381 |   1 |  547.0 |
        Bailey |    397 |    397 |      0 |      2 |    199 |   1 |  397.0 |
      Ice Cave |    650 |    650 |      0 |    187 |    300 |   1 |  650.0 |
               +--------+--------+--------+--------+--------+-----+--------+

Top non-repeatable levels by time:
     D:6: 2036 daAuts
     D:8: 1657 daAuts
     D:7: 1631 daAuts
     D:4: 1518 daAuts
    D:10: 1340 daAuts
     D:3: 1201 daAuts
    D:11: 1100 daAuts
     D:5: 1040 daAuts
     D:2: 983 daAuts
     D:1: 931 daAuts
   IceCv: 650 daAuts
     D:9: 557 daAuts
  Lair:1: 547 daAuts
  Bailey: 397 daAuts
  Temple: 226 daAuts
